 Dungeon Crawl Stone Soup version 0.31-a0-1606-g60c5cc7444 (webtiles) character file.

Game seed: 4795912333289077592

105 BMaster the Chopper (level 4, -3/26 HPs)
             Began as a Vampire Gladiator on Jan 8, 2024.
             Killed by nerve-wracking pain
             ... invoked by Jessica
              (9 damage)
             ... on level 3 of the Dungeon.
             The game lasted 00:21:33 (1366 turns).

BMaster the Chopper (Vampire Gladiator)             Turns: 1366, Time: 00:21:34

Health: -3/26      AC:  4    Str: 13      XL:     4   Next: 54%
Magic:  4/4        EV: 13    Int:  9 (10) God:
Gold:   64         SH:  0    Dex: 15      Spells: 3/3 levels left

rFire   + . .        a - +0 war axe
rCold   + . .        (no shield)
rNeg    . . .        b - +0 leather armour
rPois   +            c - +0 helmet
rElec   +            (no cloak)
rCorr   +            (no gloves)
SInv    +            (no boots)
Will    .....        (no amulet)
Stlth   ++           l - ring of wizardry
HPRegen 0.44/turn    (no ring)
MPRegen 0.09/turn

%: wizardry (x1)
@: resistant, healing quickly
A: alive, fangs 3, see invisible, vampiric 2, clumsy 1, frail 2
a: Exsanguinate


You were on level 3 of the Dungeon.
You visited 1 branch of the dungeon, and saw 3 of its levels.

You collected 64 gold pieces.

Inventory:

Hand Weapons
 a - a +0 war axe (weapon)
Missiles
 d - a throwing net (quivered)
 q - 9 stones
Armour
 b - a +0 leather armour (worn)
 c - a +0 helmet (worn)
Jewellery
 l - a ring of wizardry (left hand)
Scrolls
 e - a scroll of noise {unknown}
 i - 2 scrolls of identify
 j - 2 scrolls of immolation {unknown}
 k - 2 scrolls of teleportation {unknown}
 o - a scroll of amnesia
 p - 2 scrolls of butterflies {unknown}
Potions
 f - a potion of haste {unknown}
 r - a potion of lignification {unknown}


   Skills:
 + Level 2.2 Fighting
 + Level 4.0 Axes
 + Level 1.7 Throwing
 + Level 0.7 Armour
 + Level 3.7 Dodging
 + Level 1.2 Stealth


You had 3 spell levels left.
You didn't know any spells.
Your spell library contained the following spells:

 Spells                   Type           Power      Damage    Failure   Level
 Stone Arrow              Conj/Erth      0%         3d7       50%         3
 Animate Armour           Summ/Erth      0%         N/A       87%         4
 Lehudib's Crystal Spear  Conj/Erth      0%         10d2      100%        8


Dungeon Overview and Level Annotations

Branches:
Dungeon (3/15)

Altars:

Shops:
D:2 [

Annotations:
D:3 Jessica


Innate Abilities, Weirdness & Mutations

Your natural rate of healing is accelerated.
You have razor-sharp teeth.
You have supernaturally acute eyesight. (SInv)
You are afflicted with vampirism and can become a bat while bloodless.
You are clumsy. (Dex -2)
You are very frail. (-20% HP)


Message History

Aim: an orc priest, wielding a +0 dagger (unable to see you, 57% to hit)
You throw a stone.
The stone hits the orc priest but does no damage.
Throw: 10 stones
Press: ? - help, Q - select action, (/) - cycle Shift-Dir - straight line, f/p - orc priest
Aim: an orc priest, wielding a +0 dagger (unable to see you, 57% to hit)
You throw a stone.
The stone hits the orc priest but does no damage.
You flicker back into view.
The orc priest calls down the wrath of Beogh upon you.
Beogh smites you!
* * * LOW HITPOINT WARNING * * *
It was a potion of mutation.
You feel extremely strange.
You feel frail.
You feel clumsy.
You feel frail.
The orc priest invokes the aid of Beogh against you.
You barely resist.
The orc priest looks satisfied for a moment.
Found a scroll labelled NOUHEG TUOCIMI.
Found a long sword.
The orc priest miscasts a cantrip.
Throw: 3 throwing nets
Press: ? - help, Q - select action, (/) - cycle Shift-Dir - straight line, f/p - orc priest
Aim: an orc priest, wielding a +0 dagger (56% to hit)
You throw a throwing net. The throwing net hits the orc priest.
The orc priest is caught in the net!
The orc priest mumbles some strange prayers to Beogh against you.
Beogh smites you!
* * * LOW HITPOINT WARNING * * *
The orc priest struggles against the net.
Jessica the Apprentice Sorceress comes into view.
She is wielding a +0 dagger.
It was a potion of resistance.
You feel protected.
Throw: 2 throwing nets
Press: ? - help, Q - select action, (/) - cycle Shift-Dir - straight line, f - Jessica
Aim: Jessica, wielding a +0 dagger and wearing a +0 robe (56% to hit)
You throw a throwing net. The throwing net barely misses Jessica.
Found a runed whip.
Jessica casts a spell at you. Pain shoots through your body!
You die...

#.. .. #.. ... ##. ....
#. # ...@# #. #.##
##...###########. #....
.......).....o?#.
...)..#######..######.##
#..@.#####(######..o
#...###..@.............
## ##########.###### ..
... ##


You could see Jessica.

Vanquished Creatures
  A bombardier beetle (D:3)
  3 adders (D:2)
  2 dart slugs
  3 orcs (D:3)
  5 endoplasms
  3 hobgoblins (D:1)
  2 jackals (D:2)
  4 kobolds
  2 ball pythons
  4 bats
  4 goblins (D:2)
  5 rats
38 creatures vanquished.

Notes
Turn   | Place    | Note
-------+----------+-------------------------------------------
     0 | D:1      | BMaster the Vampire Gladiator began the quest for the Orb.
     0 | D:1      | Reached XP level 1. HP: 16/16 MP: 1/1
    57 | D:1      | Reached skill level 3 in Axes
   238 | D:1      | Reached XP level 2. HP: 22/22 MP: 2/2
   852 | D:2      | Gained mutation: You are afflicted with vampirism and can
                  | become a bat while bloodless. [Vampire growth]
   852 | D:2      | Reached XP level 3. HP: 27/27 MP: 3/3
   892 | D:2      | Found Qeorph's Armour Boutique.
  1316 | D:3      | Reached XP level 4. HP: 26/33 MP: 4/4
  1327 | D:3      | Reached skill level 4 in Axes
  1327 | D:3      | Reached skill level 1 in Stealth
  1343 | D:3      | Gained mutation: You are frail. (-10% HP) [potion of
                  | mutation]
  1343 | D:3      | Gained mutation: You are clumsy. (Dex -2) [potion of
                  | mutation]
  1343 | D:3      | Gained mutation: You are very frail. (-20% HP) [potion of
                  | mutation]
  1355 | D:3      | HP: 1/26 [orc priest/divine providence (12)]
  1356 | D:3      | Noticed Jessica
  1366 | D:3      | Killed from afar by Jessica

Illustrated notes

Levels and vault maps discovered:
D:1:      lordsloth_arrival_two_stooges, layout_basic
D:2:      layout_rooms, serial_shops, nicolae_shop_window_shopping
D:3:      layout_rooms, tso_altar, old_standard_altar, nicolae_ru_path_of_blood,
          minitemple, hellmonk_ecumenical_altar_crossroads, uniq_terence,
          uniq_robin, uniq_jessica

Skill      XL: |  1  2  3  4 |
---------------+-------------+-----
Axes           | 3 4 |  4.0
Fighting       | 2 |  2.2
Stealth        | 1 |  1.2
Throwing       | |  1.7
Armour         | |  0.7
Dodging        | |  3.7

Action                     |  1- 3 |  4- 6 || total
---------------------------+-------+-------++-------
  Melee: War axe           |    87 |     8 ||    95
         Bite              |     2 |     2 ||     4
  Throw: Stone             |    14 |     4 ||    18
         Javelin           |     5 |       ||     5
         Throwing net      |       |     2 ||     2
    Use: Potion            |     1 |     3 ||     4
         Scroll            |       |     1 ||     1
   Stab: Sleeping          |     1 |       ||     1
         Invisible         |       |     2 ||     2
 Armour: Leather armour    |    44 |     7 ||    51
  Dodge: Dodged            |    50 |    13 ||    63

Table legend: (Time is in decaauts)
 A = Elapsed time spent in this place.
 B = Non-inter-level travel time spent in this place.
 C = Inter-level travel time spent in this place.
 D = Time resting spent in this place.
 E = Time spent auto-exploring this place.
 F = Levels seen in this place.
 G = Mean time per level.
                   A        B        C        D        E       F      G
               +--------+--------+--------+--------+--------+-----+--------+
         Total |   1399 |   1399 |      0 |      0 |    621 |   3 |  466.3 |
       Dungeon |   1399 |   1399 |      0 |      0 |    621 |   3 |  466.3 |
               +--------+--------+--------+--------+--------+-----+--------+

Top non-repeatable levels by time:
     D:1: 691 daAuts
     D:2: 631 daAuts
     D:3: 76 daAuts
